 Dungeon Crawl Stone Soup version 0.29.0-15-g675c0067aa (webtiles) character file.

Game seed: 6802047337212549728

21 qw the Sneak (level 2, -1/19 HPs)
             Began as a Gargoyle Delver on Sept 11, 2022.
             Slain by a goblin
             ... wielding a +0 club
             ... led by Robin
              (4 damage)
             ... on level 4 of the Dungeon.
             The game lasted 00:00:11 (450 turns).

qw the Sneak (Gargoyle Delver)                       Turns: 450, Time: 00:00:12

Health: -1/19      AC:  5    Str: 15    XL:     2   Next: 87%
Magic:  2/2        EV: 11    Int: 10    God:
Gold:   14         SH:  0    Dex: 11    Spells: 1/1 levels left

rFire   . . .      SeeInvis .   a - +0 hand axe
rCold   . . .      Faith    .   (no shield)
rNeg    + . .      Spirit   .   b - +0 leather armour
rPois   inf        Reflect  .   (no helmet)
rElec   +          Harm     .   (no cloak)
rCorr   .          Rampage  .   (no gloves)
Will    .....                   (no boots)
Stlth   +++.......              (no amulet)
HPRegen 0.06/turn               (no ring)
MPRegen 0.08/turn               (no ring)

@: no status effects
A: sickness immunity, AC +2, negative energy resistance 1, electricity
resistance, torment resistance 1, petrification resistance
a: no special abilities


You were on level 4 of the Dungeon.
You visited 1 branch of the dungeon, and saw 2 of its levels.

You collected 14 gold pieces.


Innate Abilities, Weirdness & Mutations

You are immune to sickness and miasma.
Your stone body is resilient. (AC +2)
You are immune to poison.
You resist negative energy. (rN+)
You are resistant to electric shocks. (rElec)
You are resistant to unholy torment.
You are immune to petrification.


   Skills:
 - Level 3.2 Fighting
 + Level 3.0 Axes
 - Level 1.5 Dodging
 - Level 5.4 Stealth


You had one spell level left.
You didn't know any spells.
Your spell library was empty.

Inventory:

Hand Weapons
 a - a +0 hand axe (weapon)
Armour
 b - a +0 leather armour (worn)
 d - a +0 chain mail
 e - a +0 plate armour
Wands
 g - a wand of digging (3)
Scrolls
 h - a scroll of teleportation {unknown}
 i - a scroll of identify {unknown}
Potions
 c - a potion of magic {unknown}
 f - a potion of haste

Dungeon Overview and Level Annotations

Branches:
Dungeon (5/15)
 Temple: D:4-7

Altars:
Nemelex Xobeh

Annotations:
D:4 Robin


Message History

The goblins go into a battle-frenzy!
A goblin comes into view. It is wielding a +0 dagger.
You hear a shout!
Things that are here:
a +0 dagger; a goblin corpse You closely miss the goblin.
You hit the goblin.
The goblin hits you but does no damage. x2
You hit the goblin but do no damage.
The goblin is moderately wounded.
You hit the goblin. Robin throws the goblin at you!
The goblin hits you but does no damage.
A goblin comes into view. It is wielding a +0 dagger.
The goblin hits you with a +0 dagger. The goblin hits you but does no damage.
You hit the goblin.
You kill the goblin!
You completely miss the goblin. You hit the goblin.
Robin throws the goblin at you! The goblin barely misses you.
The goblin hits you but does no damage. The goblin hits you with a +0 dagger.
You barely miss the goblin.
The goblin is moderately wounded.
You closely miss the goblin. You completely miss the goblin.
The goblin closely misses you. The goblin hits you but does no damage.
The goblin barely misses you. The goblin hits you with a +0 club.
The goblin barely misses you. The goblin hits you with a +0 dagger.
You completely miss the goblin.
The goblin is moderately wounded.
You hit the goblin. x2
You kill the goblin!
Robin zaps a wand.
Some rock shatters into small pieces.
The goblin hits you with a +0 club. The goblin hits you but does no damage.
You hit the goblin.
You kill the goblin!
You hit the goblin. The goblin barely misses you.
Your Axes skill increases to level 3!
You barely miss the goblin.
The goblin is heavily wounded.
You hit the hobgoblin. The goblin hits you with a +0 club.
You die...

........####.#
......#.####.#
.....##......#
.....#########
.....# # ## #.##.#
#. #.# #.##.#
...#g####.#.#
.....# .....ggg)#
.## #.#### #@##
##.### ..#
#..###..#.## ###
#.#.#.#..#.## #
#.##......#.# #
#.#####....#
######
#.#####.#.## ###
.....#
#.......#.####.##
####.#
#.....##...##.#.##
.....## #.....
#.......#.#


You could see Robin, a hobgoblin (strong) and 2 goblins.

Vanquished Creatures
  An adder (D:4)
  An endoplasm (D:4)
  4 goblins (D:4)
  2 hobgoblins (D:4)
  2 jackals (D:4)
10 creatures vanquished.

Notes
Turn   | Place    | Note
-------+----------+-------------------------------------------
     0 | D:5      | qw the Gargoyle Delver began the quest for the Orb.
     0 | D:5      | Reached XP level 1. HP: 14/14 MP: 1/1
     0 | D:5      | 0 ||| qw: Version: 0.1-a-118-gb4e7ce6
     0 | D:5      | 0 ||| qw: Game counter: 10543
     0 | D:5      | 0 ||| qw: Always use a shield: true
     0 | D:5      | 0 ||| qw: God list: Okawaru
     0 | D:5      | 0 ||| qw: Allow faded altars: false
     0 | D:5      | 0 ||| qw: Do Orc after D:15 true
     0 | D:5      | 0 ||| qw: Do second Lair branch before Depths: true
     0 | D:5      | 0 ||| qw: Lair rune preference: random
     0 | D:5      | 0 ||| qw: Plans: Normal
     0 | D:5      | 0 ||| PLANNING D:1-11
     6 | D:5      | 6 ||| Stepping ~*~*~tactically~*~*~ (stealth).
    24 | D:5      | 24 ||| DROPPING scroll of fog.
    25 | D:5      | 25 ||| DROPPING scroll of magic mapping.
    26 | D:5      | 26 ||| DROPPING scroll of fear.
   217 | D:4      | 217 ||| Stepping ~*~*~tactically~*~*~ (stealth).
   220 | D:4      | 220 ||| Stepping ~*~*~tactically~*~*~ (stealth).
   335 | D:4      | Found a sparkling altar of Nemelex Xobeh.
   349 | D:4      | Reached XP level 2. HP: 16/19 MP: 2/2
   434 | D:4      | 434 ||| Stepping ~*~*~tactically~*~*~ (stealth).
   436 | D:4      | 436 ||| Stepping ~*~*~tactically~*~*~ (hiding).
   443 | D:4      | Noticed Robin
   448 | D:4      | HP: 3/19 [goblin/+0 club[Robin] (6)]
   450 | D:4      | Reached skill level 3 in Axes
   450 | D:4      | Slain by a goblin

Levels and vault maps discovered:
D:4:      layout_loops_cross, nemelex_xobeh_ov_fountains_minmay,
          uniq_blork_the_orc, uniq_crazy_yiuf_cottage, uniq_robin
D:5:      layout_layer_cave, lemuel_round_altar, lightli_sewer_entry_pipes

Skill      XL: |  1  2 |
---------------+-------+-----
Axes           | 2 3 |  3.0
Fighting       | |  3.2
Dodging        | |  1.5
Stealth        | |  5.4

Action                   || total
-------------------------++-------
Melee: Hand axe          ||    35
Armor: Leather armour    ||    21
Dodge: Dodged            ||    19

Table legend:
 A = Non-vault XP
 B = Vault XP
 C = Vault XP percentage of total XP
 D = Non-vault monster count
 E = Vault monster count
 F = Vault count percentage of total count
                 A         B        C        D         E       F
            +---------+---------+-------+---------+---------+-------
      Total |      23 |       8 |  25.8 |       6 |       4 |  40.0
            +---------+---------+-------+---------+---------+-------
        D:4 |      23 |       8 |  25.8 |       6 |       4 |  40.0
            +---------+---------+-------+---------+---------+-------
